Cogmind - Beta 11.1 @@@ ROGUE MODE // 2022.09.14 @ 16:19:37 Player: deadnoob Result: Destroyed by G-50 Soldier with Heavy Laser Performance ------------- Evolutions (1) 500 Regions Visited (6) 1200 Robots Destroyed (40) 200 Value Destroyed (852) 852 Prototype IDs (1) 20 Alien Tech Used (0) 0 Bonus (142) 142 TOTAL SCORE: 2914 Bonus ------- High Alert Combat Kills 13 Follower Combat Kills 146 Friendly Fire -17 Cogmind --------- Core Integrity 0/400 Matter 2/300 Energy 125/125 System Corruption 1% Temperature Cool (15) Movement Treading (170) Location -8/Mines Parts ------- > --- POWER (1) -------- Light Ion Engine > --- PROPULSION (3) --- Armored Treads Flight Unit Flight Unit > --- UTILITY (3) ------ Small Storage Unit Improved Light Armor Plating > --- WEAPON (2) ------- Minigun > --- INVENTORY (8) ---- Combat Airjet Combat Airjet Launcher Guidance Computer Improved Light Armor Plating Minigun Minigun Rocket Launcher Axe Peak State ------------ > --- POWER ------------ Heavy Ion Engine > --- PROPULSION ------- Armored Treads Armored Treads Armored Treads > --- UTILITY ---------- Small Storage Unit Seismic Detector Improved Light Armor Plating > --- WEAPON ----------- Minigun Minigun > --- INVENTORY -------- Light Treads Armored Treads Improved Light Armor Plating Improved Light Armor Plating Minigun Minigun Rocket Launcher Rocket Launcher [Rating: 25] Favorites ----------- Power Ion Engine Engine Ion Engine Propulsion Armored Treads Treads Armored Treads Leg Aluminum Leg Flight Unit Flight Unit Utility Small Storage Unit Device Seismic Detector Storage Small Storage Unit Protection Improved Light Armor Plating Weapon Minigun Energy Gun Medium Laser Ballistic Gun Minigun Launcher Rocket Launcher Impact Weapon Hammer Build | -11 -10 -10 -9 -9 -9 -8 ------- Run | Scr Mat Min Mat Min Exi Min Slots Evolved 2 | . . . 2 . . . Power . | . . . . . . . Propulsion 1 | . . . 1 . . . Utility 1 | . . . 1 . . . Weapon . | . . . . . . . Parts Attached 30 | . 3 5 13 4 . 5 Power 3 | . . 1 1 . . 1 Engine 3 | . . 1 1 . . 1 Core . | . . . . . . . Reactor . | . . . . . . . Propulsion 10 | . 2 . 4 1 . 3 Treads 7 | . 2 . 4 1 . . Leg . | . . . . . . . Wheel . | . . . . . . . Hover . | . . . . . . . Flight 3 | . . . . . . 3 Utility 6 | . 1 2 2 1 . . Device 1 | . . 1 . . . . Storage . | . . . . . . . Processor . | . . . . . . . Hackware . | . . . . . . . Protection 5 | . 1 1 2 1 . . Artifact . | . . . . . . . Weapon 11 | . . 2 6 2 . 1 Energy Gun . | . . . . . . . Energy Cannon . | . . . . . . . Ballistic Gun 6 | . . . 4 2 . . Ballistic Cannon . | . . . . . . . Launcher 4 | . . 1 2 . . 1 Special Weapon . | . . . . . . . Impact Weapon 1 | . . 1 . . . . Slashing Weapon . | . . . . . . . Piercing Weapon . | . . . . . . . Special Melee Weapon . | . . . . . . . Unidentified Prototypes 1 | . . . 1 . . . Parts Lost 9 | . . . . 5 . 4 Power 1 | . . . . 1 . . Propulsion 4 | . . . . 2 . 2 Utility 2 | . . . . 1 . 1 Weapon 2 | . . . . 1 . 1 Highest Loss Streak 5 | . . . . 5 . 1 To Critical Strikes . | . . . . . . . Average Slot Usage (%) 95 | . 96 100 100 89 77 90 Engine 10 | . 14 14 11 5 . 8 Treads 26 | . 28 28 33 28 22 11 Flight 2 | . . . . . . 17 Device 8 | . . 8 11 11 11 10 Storage 12 | . 14 14 11 11 11 11 Protection 9 | . 10 5 11 11 11 11 Energy Gun 6 | . 14 14 . . . . Ballistic Gun 11 | . 14 . 21 16 22 11 Launcher 4 | . . 9 . 5 . 9 Impact Weapon 1 | . . 3 . . . . Naked Turns . | . . . . . . . Heaviest Build 24 | 13 16 19 24 24 15 19 Greatest Support 60 | 20 40 40 60 60 40 40 Greatest Overweight (x) . | . . . . . . . Average Overweight (x) . | . . . . . . . Largest Inventory Capacity 8 | . 8 8 8 8 8 8 Average Capacity 8 | . 8 8 8 8 8 8 Most Carried 8 | . 8 8 8 8 8 8 Average Carried 7 | . 7 7 7 7 8 8 Final Capacity 8 | 8 8 8 8 8 8 8 Final Carried 8 | 6 8 8 8 8 8 8 Class Distribution -------------------- 100% | Mutant Dominant Class ---------------- Mutant | -10/Materials Mutant | -10/Mines Mutant | -9/Materials Mutant | -9/Mines Mutant | -9/Exiles Mutant | -8/Mines Resources | -11 -10 -10 -9 -9 -9 -8 ----------- Run | Scr Mat Min Mat Min Exi Min Matter Collected 1068 | 200 260 34 439 50 . 85 Remotely . | . . . . . . . Salvage Created 1035 | . 212 32 513 193 . 85 Parts 91 | . 10 11 37 6 . 27 Haulers Intercepted 2 | . 1 . 1 . . . Recyclers Shooed 2 | . . . . 1 . 1 Parts Field Recycled . | . . . . . . . Retrieved Matter . | . . . . . . . Parts Self-Destructed . | . . . . . . . Prevented . | . . . . . . . Kills | -11 -10 -10 -9 -9 -9 -8 ------- Run | Scr Mat Min Mat Min Exi Min Combat Hostiles Destroyed 50 | . 6 3 9 19 . 13 Guns 17 | . 6 . 9 2 . . AOE 33 | . . 3 . 17 . 13 Classes Destroyed 12 | . 3 1 5 3 . . Worker 1 | . . . 1 . . . Builder 1 | . . . 1 . . . Tunneler 1 | . . 1 . . . . Hauler 2 | . 1 . 1 . . . Recycler 1 | . . . . 1 . . Watcher 1 | . . . 1 . . . Swarmer 19 | . 3 3 . . . 13 Grunt 8 | . 3 . 5 . . . Duelist 1 | . . . 1 . . . Sentry 3 | . . . 3 . . . Demolisher 2 | . . . . 2 . . Assembled 17 | . . . . 17 . . Best Kill Streak 17 | . 3 4 3 17 . 4 Combat Bots Only 17 | . 3 3 3 17 . 4 Max Kills in Single Turn 4 | . 1 4 1 3 . 4 Gunslinging . | . . . . . . . Exploded 4 | . . 3 . 3 . 4 Melee . | . . . . . . . Uniques/NPCs Destroyed . | . . . . . . . Combat | -11 -10 -10 -9 -9 -9 -8 -------- Run | Scr Mat Min Mat Min Exi Min Damage Taken 2756 | . 287 56 309 1628 . 476 Core 478 | . 46 25 30 297 . 80 Absorbed by Shields . | . . . . . . . Core Remaining (%) 85 | 100 . 71 . . . . Volleys Fired 112 | . 30 1 35 28 . 18 Largest 2 | . 2 1 2 2 . 2 Hottest 70 | . 70 33 50 50 . 58 Shots Fired 192 | . 60 1 67 45 . 19 Gun 171 | . 60 . 64 34 . 13 Cannon . | . . . . . . . Launcher 21 | . . 1 3 11 . 6 Special . | . . . . . . . Kinetic 141 | . 30 . 64 34 . 13 Thermal 30 | . 30 . . . . . Explosive 21 | . . 1 3 11 . 6 Electromagnetic . | . . . . . . . Robot Hit Streak 20 | . 13 . 11 20 . 6 Robot Miss Streak 4 | . 2 . 3 4 . 3 Penetration Max . | . . . . . . . Secondary Targets 1 | . . . 1 . . . Max Gunslinging Chain 1 | . . . 1 . . . Shots Hit Robots 122 | . 40 1 41 31 . 9 Core Hits 84 | . 13 4 16 36 . 15 Critical Kills . | . . . . . . . Critical Parts Destroyed 2 | . . . . 2 . . Critical Strikes 3 | . 1 . . 2 . . Burn 1 | . 1 . . . . . Destroy 2 | . . . . 2 . . Melee Attacks 8 | . . 8 . . . . Impact 8 | . . 8 . . . . Slashing . | . . . . . . . Piercing . | . . . . . . . Sneak Attacks 1 | . . 1 . . . . Combat Hostiles . | . . . . . . . Follow-up Attacks . | . . . . . . . Damage Inflicted 4020 | . 430 210 807 1750 . 823 Guns 1718 | . 430 . 747 412 . 129 Cannons . | . . . . . . . Explosions 2240 | . . 163 60 1338 . 679 Melee 46 | . . 46 . . . . Ramming 16 | . . 1 . . . 15 Kinetic 1444 | . 156 . 747 412 . 129 Thermal 274 | . 274 . . . . . Explosive 2240 | . . 163 60 1338 . 679 Electromagnetic . | . . . . . . . Impact 46 | . . 46 . . . . Slashing . | . . . . . . . Piercing . | . . . . . . . Highest Corruption 1 | . . . 1 1 1 1 Average Corruption 1 | . . . 1 1 1 1 Corruption Purged . | . . . . . . . Corruption Blocked . | . . . . . . . Effects 6 | . . . 2 1 1 2 Matter Fused 3 | . . . 1 . 1 1 Data Loss (minor) 2 | . . . 1 . . 1 Data Loss (major) 1 | . . . . 1 . . Overload Shots . | . . . . . . . Overflow Damage 240 | . . 65 . 104 . 71 Projectiles . | . . . . . . . Explosions 216 | . . 41 . 104 . 71 Melee 24 | . . 24 . . . . Knockbacks 1 | . . 1 . . . . Impact 1 | . . 1 . . . . Kinetic . | . . . . . . . Secondary . | . . . . . . . Self-Inflicted Damage 416 | . . 30 7 263 . 116 Shots 13 | . . 1 1 8 . 3 Rammed 5 | . . 1 . . . 4 Targets Rammed 5 | . . 1 . . . 4 Kicked . | . . . . . . . Crushed . | . . . . . . . Highest Temperature 217 | . 217 . 46 . . 27 Average Temperature 53 | . 82 . 12 . . 8 Received Heat Transfer 384 | . 102 . 138 . . 144 Siege Activations . | . . . . . . . Robots Corrupted . | . . . . . . . Combat Hostiles . | . . . . . . . Parts Fried . | . . . . . . . Impact Corruptions 1 | . . 1 . . . . Robots Melted . | . . . . . . . Combat Hostiles . | . . . . . . . Parts Melted . | . . . . . . . Heat Transferred 888 | . 888 . . . . . Parts Sabotaged . | . . . . . . . Parts Stolen . | . . . . . . . Parts Stripped . | . . . . . . . Power Chain Reactions . | . . . . . . . Missiles Intercepted . | . . . . . . . Alert | -11 -10 -10 -9 -9 -9 -8 ------- Run | Scr Mat Min Mat Min Exi Min Peak Influence 418 | . 220 199 396 267 . 418 Initial 127 | . . 85 35 127 . . Average 184 | . 125 107 219 200 . 346 Maximum Alert Level 2 | . 1 . 2 1 . 2 Low Security (%) 62 | . 88 100 36 44 . 7 Level 1 30 | . 11 . 63 55 . 44 Level 2 7 | . . . . . . 47 Level 3 . | . . . . . . . Level 4 . | . . . . . . . Level 5 . | . . . . . . . High Security . | . . . . . . . Max Security . | . . . . . . . Squads Dispatched 6 | . 3 . 3 . . . Investigation 1 | . . . 1 . . . Extermination . | . . . . . . . Reinforcement 5 | . 3 . 2 . . . Assault . | . . . . . . . Garrison . | . . . . . . . Intercept . | . . . . . . . Searches Triggered . | . . . . . . . Construction Impeded . | . . . . . . . Haulers Reinforced . | . . . . . . . Active Scanning Responses . | . . . . . . . Cargo Convoy Interrupts . | . . . . . . . Stealth | -11 -10 -10 -9 -9 -9 -8 --------- Run | Scr Mat Min Mat Min Exi Min Distress Signals 5 | . 3 . 2 . . . Communications Jammed . | . . . . . . . Distress Signals . | . . . . . . . Times Spotted 77 | . 18 6 16 22 . 15 Peak Tracking Total 11 | . 8 3 6 11 . 4 Tactical Retreats 1 | . . . . 1 . . Traps | -11 -10 -10 -9 -9 -9 -8 ------- Run | Scr Mat Min Mat Min Exi Min Traps Triggered . | . . . . . . . Indirectly . | . . . . . . . Trap Hack Attempts . | . . . . . . . Triggered . | . . . . . . . Disarmed . | . . . . . . . Reprogrammed . | . . . . . . . Reused . | . . . . . . . Traps Extracted . | . . . . . . . Installed . | . . . . . . . Triggered . | . . . . . . . Machines | -11 -10 -10 -9 -9 -9 -8 ---------- Run | Scr Mat Min Mat Min Exi Min Machines Disabled 5 | . . . . . . 5 Max in Single Turn 3 | . . . . . . 3 Machines Sabotaged . | . . . . . . . Garrisons Compromised . | . . . . . . . Overloaded Fab Kills . | . . . . . . . Hacking | -11 -10 -10 -9 -9 -9 -8 --------- Run | Scr Mat Min Mat Min Exi Min Machines Accessed 3 | . . . 2 . 1 . Terminals 1 | . . . 1 . . . Fabricators . | . . . . . . . Repair Stations 1 | . . . 1 . . . Recycling Units . | . . . . . . . Scanalyzers . | . . . . . . . Garrison Access . | . . . . . . . Total Hacks 5 | . . . 4 . 1 . Successful 2 | . . . 1 . 1 . Failed 3 | . . . 3 . . . Catastrophic . | . . . . . . . Database Lockouts . | . . . . . . . Manual 2 | . . . 2 . . . Terminals 2 | . . . 2 . . . Fabricators . | . . . . . . . Repair Stations 2 | . . . 2 . . . Recycling Units . | . . . . . . . Scanalyzers . | . . . . . . . Garrison Access . | . . . . . . . Terminal Hacks 1 | . . . . . 1 . Record 1 | . . . . . 1 . Fabricator Hacks . | . . . . . . . Repair Station Hacks 1 | . . . 1 . . . Scan Component 1 | . . . 1 . . . Recycling Unit Hacks . | . . . . . . . Scanalyzer . | . . . . . . . Garrison Access Hacks . | . . . . . . . Unauthorized Hacks . | . . . . . . . Terminals . | . . . . . . . Fabricators . | . . . . . . . Repair Stations . | . . . . . . . Recycling Units . | . . . . . . . Scanalyzers . | . . . . . . . Garrison Access . | . . . . . . . Data Cores Recovered . | . . . . . . . Used . | . . . . . . . Hacking Detections 2 | . . . 2 . . . Full Trace Events 1 | . . . 1 . . . Feedback Events 1 | . . . 1 . . . Corruption 1 | . . . 1 . . . Feedback Blocked . | . . . . . . . Robot Schematics Acquired . | . . . . . . . Robots Built . | . . . . . . . Authchips . | . . . . . . . Time . | . . . . . . . Total Robot Build Rating . | . . . . . . . Part Schematics Acquired . | . . . . . . . Parts Built . | . . . . . . . Authchips . | . . . . . . . Time . | . . . . . . . Total Part Build Rating . | . . . . . . . Parts Repaired . | . . . . . . . Time . | . . . . . . . Parts Recycled . | . . . . . . . Recycled Matter . | . . . . . . . Retrieved Matter . | . . . . . . . Retrieved Components . | . . . . . . . Parts Scanalyzed . | . . . . . . . Part Schematics Acquired . | . . . . . . . Parts Damaged . | . . . . . . . Bothacking | -11 -10 -10 -9 -9 -9 -8 ------------ Run | Scr Mat Min Mat Min Exi Min Used RIF Installer . | . . . . . . . Robots Hacked . | . . . . . . . Non-combat . | . . . . . . . Combat . | . . . . . . . Robot Hacks Applied . | . . . . . . . Relay Couplers Released . | . . . . . . . Fabnet Peak Effective % . | . . . . . . . Robots Rewired . | . . . . . . . Allies Hacked . | . . . . . . . Hacks Repelled . | . . . . . . . Allies | -11 -10 -10 -9 -9 -9 -8 -------- Run | Scr Mat Min Mat Min Exi Min Total Allies 3 | . . 3 . . . . Largest Group 3 | . . 3 3 . . . Highest-Rated Group 40 | . . 40 40 . . . Highest-Rated Ally 16 | . . 16 16 . . . Total Orders . | . . . . . . . Ally Attacks 51 | . . 9 42 . . . Total Damage 587 | . . 85 502 . . . Kills 9 | . . 3 6 . . . Allies Corrupted . | . . . . . . . Allies Melted . | . . . . . . . Intel | -11 -10 -10 -9 -9 -9 -8 ------- Run | Scr Mat Min Mat Min Exi Min Robot Analysis Total . | . . . . . . . Derelict Logs Recovered 2 | . . 2 . . . . Drone Launches . | . . . . . . . Drone Recoveries . | . . . . . . . Exploration | -11 -10 -10 -9 -9 -9 -8 ------------- Run | Scr Mat Min Mat Min Exi Min Turns Passed 2551 | . 367 773 564 283 216 348 Spaces Moved 1222 | 1 158 429 208 124 128 174 Core . | . . . . . . . Treads 1219 | . 156 429 208 124 128 174 Legs 3 | 1 2 . . . . . Wheels . | . . . . . . . Hover . | . . . . . . . Flight . | . . . . . . . Fastest Speed 120 | 120 120 160 160 170 170 170 Average Speed 165 | 120 159 160 169 170 170 170 Slowest Speed 170 | 120 160 160 170 170 170 170 Overloaded Moves . | . . . . . . . Propulsion Burnouts . | . . . . . . . Robots Hopped . | . . . . . . . Cave-ins Triggered . | . . . . . . . Exploration Rate (%) 35 | 2 34 64 29 28 49 42 Regions Visited 6 Branch Regions 4 Pre-discovered Areas 1 | . . . . . 1 . Known Exits Taken . | . . . . . . . Unknown Exits Taken 6 | 1 1 1 1 1 1 . Scrap Searched . | . . . . . . . Spaces Dug 70 | . . 19 19 9 . 23 Terrain Destroyed 167 | . . 19 24 63 . 61 Melee 4 | . . 4 . . . . Projectile 1 | . . . . 1 . . AOE 162 | . . 15 24 62 . 61 Terrain Rammed . | . . . . . . . Walls Destroyed . | . . . . . . . Machines Disabled . | . . . . . . . Actions | -11 -10 -10 -9 -9 -9 -8 --------- Run | Scr Mat Min Mat Min Exi Min Total 1576 | . 219 499 369 158 127 204 Wait 171 | . 23 50 95 . . 3 Move 1216 | . 157 428 207 123 127 174 Hop . | . . . . . . . Pick Up 17 | . 4 3 7 3 . . Fast Attach 7 | . 1 . 2 . . 4 Attach 5 | . . . 2 3 . . Detach . | . . . . . . . Swap 18 | . 2 5 9 1 . 1 Drop 17 | . 2 3 12 . . . Fire 112 | . 30 1 35 28 . 18 Melee 8 | . . 8 . . . . Ram . | . . . . . . . Kick . | . . . . . . . Crush 5 | . . 1 . . . 4 Escape Stasis . | . . . . . . . Rewire . | . . . . . . . Trap . | . . . . . . . Miscellaneous . | . . . . . . . Route ------- -11/Scrapyard -10/Materials -10/Mines -9/Materials -9/Mines -9/Exiles -8/Mines History --------- Turn | Location | Event 1 | -11/Scrapyard | Discovered new exit (range 0) 1 | -11/Scrapyard | Entered Materials 281 | -10/Materials | Discovered new exit (range 16) 314 | -10/Materials | Build established: Mutant 368 | -10/Materials | Entered Mines 380 | -10/Mines | Received a Rocket Launcher from a helpful Derelict 492 | -10/Mines | Learned Materials garrison access intel 564 | -10/Mines | Learned Materials stockpile data 781 | -10/Mines | Assisted by bots powering up and referring to "LRC-V3" 1123 | -10/Mines | Discovered new exit (range 5) 1141 | -10/Mines | Entered Materials 1141 | -9/Materials | Accompanied by 3 allies 1141 | -9/Materials | Evolved 2 slots: Propulsion x1, Utility x1 1646 | -9/Materials | Discovered new exit (range 6) 1705 | -9/Materials | Entered Mines 1728 | -9/Mines | Deemed a non-threat by the Exiles lab entrance 1728 | -9/Mines | Discovered new exit (range 5) 1812 | -9/Mines | Assembled infested the area 1865 | -9/Mines | Destroyed 17 combat bots 1868 | -9/Mines | Core integrity fell below 50% 1888 | -9/Mines | Core integrity fell below 20% 1913 | -9/Mines | Lost 5 parts (1p2n1u1w) 1988 | -9/Mines | Entered Exiles 2028 | -9/Exiles | Met 8R-AWN 2058 | -9/Exiles | Met EX-HEX 2126 | -9/Exiles | Met EX-DEC 2138 | -9/Exiles | Learned location of Zion (-6) 2187 | -9/Exiles | Discovered new exit (range 12) 2204 | -9/Exiles | Entered Mines 2552 | -8/Mines | Destroyed by G-50 Soldier with Heavy Laser Last Messages --------------- 02293_ Acquired 11 matter. 02294_ System corrupted: Matter fused (-9). 02336_ R-06 Scavenger collects Lgt. Ion Engine. 02344_ Flight Unit destroyed. 02344_ Destroyed Flight Unit. 02381_ S-10 Pest destroyed. 02392_ Acquired 7 matter. 02397_ Acquired 8 matter. 02399_ Acquired 6 matter. 02402_ Acquired Flight Unit. 02448_ System corrupted: FCS attempts to trigger Rocket Launcher. 02480_ Slammed into R-06 Scavenger. 02483_ System corrupted: Component data lost. 02495_ Rocket Launcher destroyed. 02508_ Slammed into T-07 Excavator. 02520_ Slammed into K-01 Serf. 02525_ Slammed into T-07 Excavator. 02541_ K-01 Serf destroyed. 02541_ Acquired 13 matter. 02548_ Seismic Detector destroyed. Map ----- +----------------------------------------------------+ | ??????# ## ##????????????##???# | | ???????# #??????????????#### | | ???????# ???????????????# # | | ??????## ?????????????####### | | ?????## #######????????# * = | | ????## ### #????????# ####% | | ????# [## # #????????# ## # | | ???## #?????#### #### | | ??## ### # ###?????# # #??? | | ??# ##?### ##??##### #??? | | ??# ## #???## ##??# #??? | | ??# ### #????# #???# #??? | | ??## #??# #????# #??## # ##??? | | ???###???# ###### #### ## ####???? | | ?????????# ### #??????? | | ?????????######### ### #?# ?????? | | ??????????????#### ### #?### ????? | | ??????????????# ## ##???? ##???? | | ????????????### #### ###?????? ????? | | ????????????# #?# ##????????? ???? | | ????????????# ###?#####?????????? ??? | | ????????????# #??????????????????? #?? | | ????????????# #????????????????????#?? | | ????????????#g###????????????????????? | | ???????????##gg ##???????????????????? | | ???????????# @ #???????????????????? | | ??????????# = ????????????? | | ??????????# r """ #??????????? | | ??????????# r """ #?????????? | | ??????????# """ ?????????????? | | ?????????? ???????????????? | | ????????? ???????????????? | | ???????? #??????????????? | | ???????? #??????????????? | | ???????# ##??????????????? | | ???????##### ##???????????????? | | ???????????## ##????????????????? | | ????????????? #?????????????????? | | ????????????? ?????????????????? | | ????????????? ???????????????????? | | ????????????? ?????????????????????? | | ?????????????????????????????????????? | | ?????????????????????????????????????? | | ?????????????????????????????????????? | | ?????????????????????????????????????? | | ?????????????????????????????????????? | | ?????????????????????????????????????? | | ?????????????????????????????????????? | | ?????????????????????????????????????? | | ?????????????????????????????????????? | +----------------------------------------------------+ Best States ------------- Heat Dissipation 28 Energy Generation 14 Energy Capacity 280 Matter Stores 300 Matter Capacity 300 Sight Range 16 Terrain Scan Density 10 Armor Coverage 150 Evasion (%) 40 Recoil Reduction 3 Item Schematics ----------------- None Robot Schematics ------------------ None Fabricated ------------ Nothing Alien Tech Used ----------------- None Achievements -------------- None Challenges ------------ None Game ------ Seed BarrageSmallFemtoactuators Manual? 0 Play Time 00:22:15 Cumulative 74.9 hours Start 2022.09.14 @ 15:59:22 End 2022.09.14 @ 16:19:37 Sessions 1 Manual Loads 0 Difficulty Rogue Special Mode None Game No. 107 Rogue 107 Adventurer 0 Explorer 0 Win Type - Total 0 Types 0/0/0/0/0/0/0/0/0 Lore% 56 Gallery% 57 Achievement% 45 Wizard Run 0 Options --------- ASCII 0 Keyboard 0 Movement Numpad Keybinds 0 Fullscreen 1 Font 18/SmallcapsGlow Map View 76x50 Tactical HUD 1 Map Filters NONE Filters NONE Steam 1 RUN: 5eca8224-3439-4aa4-8db5-97d194a58724